 Dungeon Crawl Stone Soup version 0.23.2-1-ga50397a (webtiles) character file.

Game seed: 8131506274299658248

71444 sankara the Covert (level 14, -5/129 HPs)
             Began as a Deep Dwarf Necromancer on Apr 28, 2019.
             Was an Elder of Makhleb.
             Slain by a large slime creature (29 damage)
             ... on level 13 of the Dungeon on May 1, 2019.
             The game lasted 12:35:22 (35252 turns).

sankara the Covert (Deep Dwarf Necromancer)        Turns: 35252, Time: 12:35:23

Health: -5/129     AC: 13    Str: 12    XL:     14   Next: 97%
Magic:  27/37 (22) EV: 18    Int: 27    God:    Makhleb [****..]
Gold:   129        SH:  5    Dex: 13    Spells: 0/25 levels left

rFire    + . .     SeeInvis .   a - staff of power {MP+17, !a}
rCold    + . .     Gourm    .   g - +0 buckler
rNeg     + . .     Faith    .   D - +3 leather armour "Ybymiedgh" {rPois rC+ Int+6}
rPois    +         Spirit   .   J - +2 hat
rElec    .         Reflect  .   v - +2 cloak {+Inv}
rCorr    +         Harm     .   F - +0 pair of gloves
MR       ++...                  e - +0 pair of boots
Stlth    +++++.....             p - amulet of rage {+Rage, !d}
HPRegen  0.00/turn              U - ring of protection from fire {rF+, !d}
MPRegen  0.25/turn              B - ring of resist corrosion

@: death channel, very slightly contaminated, non-regenerating
A: damage resistance, heal wounds, negative energy resistance 1, sense
surroundings 2, no regeneration
a: Heal Wounds, Minor Destruction, Lesser Servant of Makhleb, Major Destruction,
Renounce Religion, Evoke Berserk Rage, Evoke Invisibility


You were on level 13 of the Dungeon.
You worshipped Makhleb.
Makhleb was greatly pleased with you.
You were not hungry.

You visited 4 branches of the dungeon, and saw 22 of its levels.
You also visited: Ossuary and Volcano.

You collected 2396 gold pieces.
You spent 2267 gold pieces at shops.

Inventory:

Hand Weapons
 b - the +8 flail of Insomnia {crush, MR+ Stlth+}
   (You took it off an orc on level 7 of the Dungeon)

   It inflicts extra damage upon your enemies.
   It affects your resistance to hostile enchantments.
   It makes you more stealthy.
 u - a +0 quick blade
   (You found it on level 2 of the Lair of Beasts)
 G - the +7 quarterstaff of the Depths {protect, Str+4}
   (You bought it in a shop on level 9 of the Dungeon)

   It protects the one who uses it against injury (+AC on strike).
   It affects your strength (+4).
 H - a +2 demon blade of electrocution
   (You took it off an infernal demonspawn on level 2 of the Orcish Mines)
 O - a +0 dagger of electrocution
   (You took it off an orc on level 12 of the Dungeon)
Missiles
 l - 3 throwing nets {=f, !d}
 T - 4 javelins (quivered)
 V - 7 steel javelins
Armour
 e - a +0 pair of boots (worn)
   (You found it on level 1 of the Dungeon)
 g - a +0 buckler (worn)
   (You found it on level 8 of the Dungeon)
 v - a +2 cloak of invisibility (worn)
   (You took it off Crazy Yiuf on level 2 of the Dungeon)
 D - the +3 leather armour "Ybymiedgh" (worn) {rPois rC+ Int+6}
   (You found it on level 5 of the Dungeon)

   It affects your intelligence (+6).
   It protects you from cold.
   It protects you from poison.
 F - a +0 pair of gloves (worn)
   (You found it on level 5 of the Dungeon)
 J - a +2 hat (worn)
   (You found it on level 11 of the Dungeon)
Magical Staves
 a - an uncursed staff of power (weapon) {MP+17, !a}
   (You found it on level 6 of the Dungeon)
 R - an uncursed staff of wizardry {wiz+, !a}
   (You found it on level 2 of the Lair of Beasts)
Jewellery
 p - an amulet of rage (around neck) {+Rage, !d}
   (You found it on level 2 of the Dungeon)
 B - a ring of resist corrosion (right hand)
   (You found it on level 6 of the Lair of Beasts)
 M - an uncursed ring of fire {rF+, rC-}
   (You found it on level 6 of the Dungeon)
 S - the ring of the Leaf {rElec AC-3 Dex+5}
   (You found it on level 7 of the Dungeon)

   [ring of protection]

   It affects your AC (-3).
   It affects your dexterity (+5).
   It insulates you from electricity.
 U - a ring of protection from fire (left hand) {rF+, !d}
   (You found it on level 1 of the Lair of Beasts)
Wands
 r - a wand of acid (6)
   (You found it on level 2 of the Lair of Beasts)
 s - a wand of enslavement (5)
   (You found it on level 5 of the Lair of Beasts)
 y - a wand of polymorph (38)
   (You found it on level 4 of the Dungeon)
 z - a wand of disintegration (5)
   (You found it on level 5 of the Lair of Beasts)
 C - a wand of scattershot (3)
   (You found it on level 12 of the Dungeon)
 I - a wand of paralysis (15)
   (You took it off an orc priest on level 5 of the Dungeon)
Scrolls
 i - 2 scrolls of enchant armour
 m - 9 scrolls of remove curse
 o - 5 scrolls of amnesia
 q - 2 scrolls of enchant weapon
 t - 6 scrolls of teleportation
 K - 5 scrolls of magic mapping {!r}
 Q - 3 scrolls of fog
 X - a scroll of fear
 Y - 5 scrolls of blinking {!r}
 Z - a scroll of silence
Potions
 d - 3 potions of haste
 f - 10 potions of curing
 j - 3 potions of cancellation
 k - 5 potions of brilliance
 n - a potion of berserk rage {!q}
 w - 6 potions of flight
 x - 2 potions of invisibility
 E - 4 potions of lignification {!q}
 L - a potion of might
 N - a potion of magic
 P - 2 potions of agility
 W - 4 potions of resistance
Miscellaneous
 A - a fan of gales
   (You found it on level 7 of the Dungeon)
Comestibles
 c - 26 rations


   Skills:
 + Level 9.6 Fighting
 - Level 3.0 Short Blades
 - Level 3.0 Armour
 - Level 10.8 Dodging
 - Level 13.7 Stealth
 - Level 4.0 Shields
 + Level 6.0 Spellcasting
 + Level 2.0 Conjurations
   Level 2.0 Summonings
 - Level 12.1 Necromancy
 - Level 2.0 Translocations
 + Level 7.0 Earth Magic
 - Level 12.3 Invocations
 - Level 12.2 Evocations


You couldn't memorise any spells.
You knew the following spells:

 Your Spells              Type           Power        Failure   Level  Hunger
a - Borgnjor's Vile Clut  Necr/Erth      ######....   4%          5    #####..
b - Animate Skeleton      Necr           N/A          1%          1    None
c - Vampiric Draining     Necr           ######....   1%          3    None
d - Animate Dead          Necr           N/A          1%          4    ###....
e - Stone Arrow           Conj/Erth      ####..       3%          3    None
f - Death Channel         Necr           ######....   9%          6    ######.
g - Blink                 Tloc           N/A          5%          2    None
h - Pain                  Necr           ####         1%          1    None

Your spell library contained the following spells:

 Spells                   Type           Power        Failure   Level  Hunger
 Sandblast                Erth           #####.       1%          1    None
 Magic Dart               Conj           ###.         3%          1    None
 Passwall                 Tmut/Erth      ####....     3%          2    None
 Shock                    Conj/Air       ##..         5%          1    None
 Call Imp                 Summ           ###.....     5%          2    None
 Confusing Touch          Hex            #.....       9%          1    None
 Recall                   Summ/Tloc      N/A          11%         3    None
 Slow                     Hex            #.......     12%         2    None
 Swiftness                Chrm/Air       #.......     12%         2    None
 Lee's Rapid Deconstruct  Erth           #####.....   13%         5    #####..
 Conjure Flame            Conj/Fire      ##......     16%         3    None
 Static Discharge         Conj/Air       ##......     16%         3    None
 Mephitic Cloud           Conj/Pois/Air  ##......     19%         3    None
 Petrify                  Tmut/Erth      ####....     19%         4    ###....
 Confuse                  Hex            #.......     24%         3    None
 Ignite Poison            Fire/Tmut/Pois #.......     24%         3    None
 Sticky Flame             Conj/Fire      ##......     47%         4    ###....
 Airstrike                Air            #.........   63%         4    ###....
 Cause Fear               Hex            #.........   63%         4    ###....
 Simulacrum               Ice/Necr       #####.....   71%         6    ######.
 Fireball                 Conj/Fire      ##........   83%         5    #####..
 Iskenderun's Battlesphe  Conj/Chrm      ##......     83%         5    #####..
 Lightning Bolt           Conj/Air       ##........   83%         5    #####..
 Discord                  Hex            #.........   100%        8    #######
 Regeneration             Chrm/Necr      Unusable     N/A         3    N/A

Dungeon Overview and Level Annotations

Branches:
Dungeon (13/15)            Temple (1/1) D:6            Lair (6/6) D:10
  Swamp (0/4) Lair:2        Snake (0/4) Lair:2        Slime (0/5) Lair:5
    Orc (2/2) D:12            Elf (0/3) Orc:2        Vaults (0/5) D:13

Altars:
Ashenzari
Cheibriados
Dithmenos
Elyvilon
Fedhas
Gozag
Hepliaklqana
Kikubaaqudgha
Makhleb
Nemelex Xobeh
Okawaru
Qazlal
Ru
Sif Muna
Trog
Uskayaw
Vehumet
Wu Jian
Xom
Yredelemnul
Zin
The Shining One

Shops:
D:9 (   Orc:1 !   Orc:2 %:?[%

Portals:
Pandemonium: Orc:2

Annotations:
D:10 exclusion: door
D:13 1 runed translucent door, exclusion: hydra
Lair:2 3 runed translucent doors, Zateomull's ghost, journeyman MiFi
Lair:5 exclusion: downstairs
Lair:6 1 transporter, Paps's ghost, journeyman TrFi


Innate Abilities, Weirdness & Mutations

You are resistant to damage.
You can heal yourself by infusing magical energy.
You resist negative energy. (rN+)
You passively map the area around you.
You do not regenerate.


Message History

Unknown command.
Welcome back, sankara the Deep Dwarf Necromancer.
Blood and souls for Makhleb!
Press ? for a list of commands and other information.
Welcome back, sankara the Deep Dwarf Necromancer.
Blood and souls for Makhleb!
Press ? for a list of commands and other information.
Okay, then.
Unknown command.
Unknown command.
Forget Recall, freeing 3 spell levels for a total of 4?
As you read the scroll of amnesia, it crumbles to dust.
Your memory of Recall unravels.
Memorise Stone Arrow, consuming 3 spell levels and leaving 1?
You flicker for a moment.
You start memorising the spell.
You continue memorising. x3
You finish memorising.
Spell assigned to 'e'.
Unknown command.
Unknown command.
Okay, then.
Unknown command.
Unknown command.
Memorise Pain, consuming 1 spell level and leaving 0?
You start memorising the spell.
You continue memorising.
You finish memorising.
Spell assigned to 'h'.
Unknown command.
You flicker back into view.
You climb downwards.
Level annotation: 1 runed translucent door, exclusion: hydra
There is a stone staircase leading up here.
You start resting.
Your unholy channel is weakening.
You start resting.
Your unholy channel expires.
You start resting.
You are near starving!
You start resting.
Magic restored.
You eat one of the 27 rations.
That ration really hit the spot!
Okay, then.
Unknown command.
The slime creature is too close now for your liking.
Cast which spell? (? or * to list) Malign forces permeate your being, awaiting release.
The slime creature quivers. x2
Casting: Death Channel (slightly dangerous; 9% risk of failure)
Confirm with . or Enter, or press ? or * to list all spells.
You can't see any susceptible monsters within range! (Use Z to cast anyway.)
Casting: Death Channel (slightly dangerous; 9% risk of failure)
Confirm with . or Enter, or press ? or * to list all spells.
Aiming: Pain (safe; 1% risk of failure)
Press: ? - help, Shift-Dir - straight line, f - slime creature
Aim: a slime creature (chance to defeat MR: 71%)
The slime creature writhes in agony.
Casting: Pain (safe; 1% risk of failure)
Confirm with . or Enter, or press ? or * to list all spells.
Aiming: Stone Arrow (safe; 3% risk of failure)
Press: ? - help, Shift-Dir - straight line, f/p - slime creature
Aim: a slime creature (lightly wounded)
The stone arrow hits the slime creature.
The slime creature is lightly wounded.
Casting: Stone Arrow (safe; 3% risk of failure)
Confirm with . or Enter, or press ? or * to list all spells.
Aiming: Pain (safe; 1% risk of failure)
Press: ? - help, Shift-Dir - straight line, f/p - slime creature
Aim: a slime creature (lightly wounded, chance to defeat MR: 71%)
The slime creature writhes in agony.
Casting: Pain (safe; 1% risk of failure)
Confirm with . or Enter, or press ? or * to list all spells.
Aiming: Pain (safe; 1% risk of failure)
Press: ? - help, Shift-Dir - straight line, f/p - slime creature
Aim: a slime creature (lightly wounded, chance to defeat MR: 71%)
The slime creature struggles to resist.
A demon appears!
Your smoke demon barely misses the slime creature.
Your smoke demon hits the slime creature. x2
You swap places.
The slime creature hits you!
* * * LOW HITPOINT WARNING * * *
Two slime creatures merge to form a large slime creature.
Your smoke demon hits the large slime creature. x2
Your smoke demon hits the large slime creature but does no damage.
Unknown command.
Press: ? - help, Shift-Dir - straight line, f/p - large slime creature
Aim: a large slime creature (lightly wounded)
The glob of acid hits the large slime creature!
The large slime creature is splashed with acid.
The large slime creature is moderately wounded.
The large slime creature is splashed with acid.
The acid corrodes the large slime creature!
The acid splashes onto your smoke demon!
Your smoke demon is splashed with acid.
The acid corrodes your smoke demon!
Your smoke demon gestures at the large slime creature.
The ball of steam hits the large slime creature!
Press: ? - help, Shift-Dir - straight line, f/p - large slime creature
Aim: a large slime creature (steam, heavily wounded, covered in acid)
The stone arrow hits the large slime creature!
The large slime creature is heavily wounded.
The large slime creature is engulfed in a cloud of scalding steam.
The large slime creature hits you!!
You die...

, #.....#..#..).(#........# , ,
#######..#######........#### ,
#.........Z.# ####......... ,
#........./.######.######## ,
#...........##.........#...
............##.....[##.#.#. ,,
*#######'######......<..#.#. , ,
######.######......####Z#. **
#....#.#3@............#Z#.
#....#.#J#########..#.#.#. ####
#....#.#ยง#...[...#..#.#.#Z .JE#
#....#.#.#.#####.#..#.#.#. ##Z#
#......#.#.# #.#....#.#Z #)#
##'#.###.#.#####.#....#.#.
#.######.#####J#Z....#.####.#.#.
#..J..)...JE..).####.#......#.#.
########)#####..# #.######.#.#Z


You could see a large slime creature and a friendly smoke demon.

Vanquished Creatures
  Donald (Orc:2)
  A stone giant (Orc:1)
  Snorg (D:10)
  Harold (D:10)
  4 hydras
  4 two-headed ogres
  A catoblepas (Lair:6)
  6 death yaks
  3 orc high priests (Orc:2)
  4 infernal demonspawn (Orc:2)
  3 unseen horrors
  A lindwurm (shapeshifter) (D:13)
  4 orc knights (Orc:2)
  2 ugly things (Volcano)
  7 orc sorcerers (Orc:2)
  3 deep elf magi (D:13)
  A manticore (D:12)
  3 slime creatures
  7 elephants
  2 centaur zombies (D:12)
  4 black mambas
  A torpor snail (D:7)
  2 molten gargoyles (Lair:5)
  6 spiny frogs
  A smoke demon (Volcano)
  An efreet (D:13)
  6 komodo dragons
  2 yaktaurs (D:13)
  2 trolls
  4 polar bears (Lair:5)
  14 blink frogs
  Prince Ribbit (D:7)
  10 hippogriffs
  A shadow (D:12)
  A wyvern (Lair:2)
  A spriggan (Lair:6)
  24 yaks
  A ynoxinul (Orc:2)
  2 basilisks
  Grum (D:9)
  5 fire bats (Volcano)
  A hungry ghost (D:8)
  9 vampire mosquitoes
  3 nagas (Lair:2)
  A warg (Orc:1)
  An acid dragon (D:11)
  6 water moccasins
  8 porcupines
  Duvessa (D:7)
  A hell hound (Volcano)
  25 orc warriors
  3 sky beasts
  A black bear (Lair:6)
  An eye of draining (D:8)
  An ice beast (D:10)
  4 phantoms
  8 ogres
  A necrophage (D:11)
  8 wolves
  11 crocodiles
  5 centaurs
  15 bullfrogs
  A wyvern zombie (D:11)
  2 scorpions
  Dowan (D:7)
  6 killer bees
  3 howler monkeys
  5 wights (D:11)
  An electric eel (Lair:5)
  A crimson imp (D:9)
  4 bullfrog zombies (Ossuary)
  11 lava snakes
  A centaur skeleton (D:9)
  24 orc priests
  Crazy Yiuf (D:2)
  4 hounds
  2 jellies (D:8)
  2 iguanas (D:7)
  14 orc wizards
  2 bullfrog skeletons
  Jessica (D:2)
  6 worker ants
  2 hound skeletons
  11 mummies
  3 worker ant zombies
  15 gnolls
  6 adders
  2 shadow imps
  3 oozes
  An adder zombie (Ossuary)
  3 adder skeletons
  3 worms
  4 dart slugs
  7 leopard geckos
  86 orcs
  4 ball pythons
  7 giant cockroaches
  11 goblins
  11 hobgoblins
  4 jackals
  6 kobolds
  3 quokkas
  8 bats
  7 frilled lizards
  A giant cockroach zombie (Ossuary)
  A jackal skeleton (D:6)
  2 leopard gecko zombies (Ossuary)
  8 rats
574 creatures vanquished.

Vanquished Creatures (collateral kills)
  An ogre mage (D:13)
  A hydra (Lair:6)
  2 two-headed ogres
  A centaur warrior (D:13)
  A deep troll shaman (Lair:6)
  5 death yaks (Lair:6)
  A deep elf knight (D:13)
  A hell knight (Volcano)
  A lindwurm (Lair:6)
  An orc knight (Orc:1)
  2 deep elf magi (D:13)
  11 elephants
  3 rust devils (Orc:2)
  A smoke demon (Orc:2)
  A molten gargoyle (Volcano)
  2 spiny frogs
  A centaur skeleton (D:12)
  2 komodo dragons (Lair:6)
  2 yaktaurs (D:13)
  A polar bear (Lair:6)
  2 red devils (Volcano)
  A slime creature (D:12)
  3 blink frogs
  A hippogriff (D:12)
  A ynoxinul (Orc:2)
  2 spriggans (Lair:6)
  A shadow (D:8)
  3 basilisks
  8 yaks
  A wraith (D:9)
  A golden eye (D:7)
  A hungry ghost (D:10)
  A warg (Orc:2)
  5 water moccasins
  2 porcupines (Lair:2)
  6 orc warriors
  An eye of draining (D:7)
  2 black bears
  A sky beast (D:6)
  2 wolves
  A centaur (D:13)
  3 bullfrogs
  A scorpion (D:10)
  2 killer bees (D:9)
  An electric eel (Lair:5)
  5 crimson imps
  2 bullfrog zombies
  2 orc priests (D:12)
  8 jellies
  2 orc wizards
  A howler monkey zombie (D:7)
  6 mummies (Ossuary)
  2 gnolls
  An adder (D:7)
  3 shadow imps
  4 oozes
  3 adder zombies
  A leopard gecko (D:3)
  10 orcs
  A leopard gecko zombie (Ossuary)
  A quokka skeleton (D:7)
  2 quokka zombies (Ossuary)
  A rat (D:3)
  8 fungi
  3 plants (Lair:6)
160 creatures vanquished.

Vanquished Creatures (others)
  Nessos (Lair:5)
  A death drake (Orc:2)
  A hellwing (Orc:2)
  A hornet zombie (D:13)
  A gnoll shaman (Orc:2)
  An orc priest (Orc:2)
  21 fungi
  3 plants (Lair:6)
30 creatures vanquished.

Grand Total: 764 creatures vanquished

Notes
Turn   | Place    | Note
-------+----------+-------------------------------------------
     0 | D:1      | sankara the Deep Dwarf Necromancer began the quest for the
                  | Orb.
     0 | D:1      | Reached XP level 1. HP: 15/15 MP: 3/3
     2 | D:1      | Learned a level 1 spell: Animate Skeleton
   255 | D:1      | Reached XP level 2. HP: 22/22 MP: 1/4
   351 | D:1      | Reached skill level 2 in Spellcasting
   608 | D:1      | Reached skill level 3 in Stealth
  1077 | D:2      | Reached XP level 3. HP: 28/28 MP: 0/6
  1082 | D:2      | Learned a level 3 spell: Vampiric Draining
  1527 | D:2      | Found a shadowy altar of Dithmenos.
  1577 | D:2      | Reached skill level 3 in Dodging
  1705 | D:2      | Noticed Jessica
  1709 | D:2      | Killed Jessica
  1709 | D:2      | Reached skill level 5 in Necromancy
  1709 | D:2      | Reached XP level 4. HP: 36/36 MP: 2/7
  1739 | D:2      | Found a faded altar of an unknown god.
  1851 | D:2      | Reached skill level 4 in Stealth
  2585 | D:2      | Found a runed translucent door.
  2586 | D:2      | Noticed Crazy Yiuf
  3431 | D:2      | Killed Crazy Yiuf
  3431 | D:2      | Reached XP level 5. HP: 21/42 MP: 0/8
  4004 | D:2      | Reached skill level 1 in Evocations
  4093 | D:3      | Learned a level 4 spell: Animate Dead
  4380 | D:3      | Found an iron altar of Okawaru.
  4719 | D:4      | Reached skill level 5 in Stealth
  4744 | D:4      | Found a shattered altar of Ashenzari.
  4744 | D:4      | Found a basalt altar of Yredelemnul.
  5148 | D:4      | Found a glowing silver altar of Zin.
  5303 | D:3      | Reached XP level 6. HP: 45/50 MP: 0/9
  5396 | D:4      | Found an ornate altar of the Wu Jian Council.
  5740 | D:4      | Reached skill level 1 in Fighting
  5740 | D:4      | Reached skill level 2 in Evocations
  5844 | D:4      | Learned a level 1 spell: Magic Dart
  5891 | D:4      | Found a sacrificial altar of Ru.
  6107 | D:4      | Became a worshipper of Ru the Awakened
  6116 | D:5      | Entered Level 5 of the Dungeon
  6172 | D:5      | Got a spiked leather armour
  6192 | D:5      | Identified the +3 leather armour "Ybymiedgh" {rPois rC+
                  | Int+6} (You found it on level 5 of the Dungeon)
  6594 | D:5      | Found a sacrificial altar of Ru.
  6703 | D:5      | Reached skill level 6 in Necromancy
  6864 | D:5      | Found a glowing golden altar of the Shining One.
  7153 | D:5      | Reached skill level 1 in Armour
  7153 | D:5      | Reached skill level 1 in Conjurations
  7153 | D:5      | Reached XP level 7. HP: 56/57 MP: 6/11
  7390 | D:6      | Found a sand-covered staircase.
  7541 | D:5      | Reached skill level 1 in Short Blades
  7541 | D:5      | Reached skill level 3 in Spellcasting
  7541 | D:5      | Reached skill level 3 in Evocations
  7634 | D:5      | Learned a level 2 spell: Call Imp
  7729 | Ossuary  | Entered an ossuary
  7769 | Ossuary  | Reached skill level 2 in Fighting
  7769 | Ossuary  | Reached skill level 4 in Dodging
  7769 | Ossuary  | Reached skill level 2 in Conjurations
  7809 | Ossuary  | Reached skill level 2 in Armour
  7882 | Ossuary  | Reached skill level 2 in Short Blades
  8080 | Ossuary  | Reached XP level 8. HP: 33/67 MP: 3/12
  8748 | D:6      | Found a staircase to the Ecumenical Temple.
  8760 | Temple   | Entered the Ecumenical Temple
  9127 | D:6      | Reached skill level 4 in Evocations
  9391 | D:7      | Noticed a two-headed ogre
  9391 | D:7      | Noticed a troll
  9502 | D:7      | Reached skill level 3 in Armour
  9511 | D:7      | Reached skill level 3 in Short Blades
  9635 | D:7      | Reached skill level 3 in Fighting
  9916 | D:7      | Reached skill level 5 in Dodging
  9998 | D:7      | Identified the +8 flail of Insomnia {crush, MR+ Stlth+}
 10509 | D:6      | Reached skill level 5 in Evocations
 10808 | D:7      | Got a wavering bone ring
 10811 | D:7      | Identified Ceaz's Incunabulum of Execration
 10823 | D:7      | Identified the cursed ring of the Leaf {rElec AC-3 Dex+5}
                  | (You found it on level 7 of the Dungeon)
 11044 | D:7      | Noticed a manticore
 11061 | D:7      | Noticed a slime creature
 11377 | D:7      | Killed a troll
 11377 | D:7      | Reached skill level 4 in Spellcasting
 11377 | D:7      | Reached skill level 7 in Necromancy
 11377 | D:7      | Gained mutation: You passively map the area around you.
                  | [Deep Dwarf growth]
 11377 | D:7      | Reached XP level 9. HP: 46/78 MP: 13/15
 11381 | D:7      | Learned a level 2 spell: Blink
 11525 | D:7      | Reached skill level 4 in Fighting
 11929 | D:7      | Killed a two-headed ogre
 11929 | D:7      | Reached skill level 1 in Translocations
 12060 | D:7      | Noticed a torpor snail
 12060 | D:7      | a slime creature changed into a torpor snail
 12072 | D:7      | HP: 19/79 [torpor snail (19)]
 12087 | D:7      | HP: 10/79 [torpor snail (5)]
 12095 | D:7      | HP: 15/79 [torpor snail (6)]
 12103 | D:7      | HP: 7/79 [torpor snail (8)]
 12106 | D:7      | Killed a torpor snail
 12106 | D:7      | Reached skill level 6 in Stealth
 12263 | D:7      | Noticed Prince Ribbit
 12400 | D:7      | Noticed Dowan
 12419 | D:7      | Noticed Duvessa
 12433 | D:7      | Killed Dowan
 12433 | D:7      | Reached skill level 2 in Translocations
 12451 | D:7      | HP: 15/79 [Duvessa/+0 short sword (11)]
 12452 | D:7      | HP: 7/79 [Duvessa/+0 short sword (8)]
 12464 | D:7      | Killed Duvessa
 12609 | D:7      | Found a deep blue altar of Sif Muna.
 12690 | D:7      | Reached skill level 6 in Evocations
 12705 | D:7      | Killed Prince Ribbit
 12721 | D:7      | Reached skill level 8 in Necromancy
 12858 | D:7      | Reached skill level 5 in Fighting
 13157 | D:8      | Found a stormy altar of Qazlal.
 13354 | D:8      | Found a shimmering altar of Xom.
 13366 | D:8      | Found a burning altar of Makhleb.
 13372 | D:8      | Fell from the grace of Ru
 13372 | D:8      | Became a worshipper of Makhleb the Destroyer
 13420 | D:8      | Found a sparkling altar of Nemelex Xobeh.
 13495 | D:8      | Reached XP level 10. HP: 61/88 MP: 0/17
 13655 | D:8      | Reached skill level 1 in Shields
 13702 | D:8      | Reached skill level 7 in Stealth
 13702 | D:8      | Reached skill level 5 in Spellcasting
 14273 | D:9      | Reached skill level 7 in Evocations
 14572 | D:9      | Reached skill level 2 in Shields
 15143 | D:9      | Found Wainotog's Antique Weapon Shop.
 15303 | D:9      | Reached skill level 3 in Shields
 15417 | D:9      | Noticed a two-headed ogre
 15460 | D:9      | Killed a two-headed ogre
 15460 | D:9      | Reached skill level 8 in Stealth
 15460 | D:9      | Reached skill level 9 in Necromancy
 15460 | D:9      | Reached skill level 8 in Evocations
 15671 | D:9      | Identified the Almanac of Lucky Fire
 15816 | D:10     | Entered Level 10 of the Dungeon
 15824 | D:10     | Noticed Grum
 15843 | D:9      | Killed Grum
 16168 | D:10     | Reached * piety under Makhleb
 16168 | D:10     | Reached skill level 4 in Shields
 16251 | D:10     | Killed an unseen horror
 16455 | D:10     | Noticed Snorg
 16808 | D:10     | Noticed Harold
 16921 | D:10     | Reached XP level 11. HP: 55/96 MP: 19/19
 17020 | D:10     | Found a staircase to the Lair.
 17107 | D:10     | HP: 19/96 [Snorg (21)]
 17353 | Lair:1   | Entered Level 1 of the Lair of Beasts
 17654 | Lair:1   | Found a dark tunnel.
 17665 | Volcano  | Entered a volcano
 17713 | Volcano  | Reached skill level 9 in Stealth
 17739 | Volcano  | Reached skill level 6 in Dodging
 17755 | Volcano  | Reached skill level 9 in Evocations
 18005 | Volcano  | Noticed a red ugly thing
 18005 | Volcano  | Noticed a hell knight
 18013 | Volcano  | Noticed a red ugly thing
 18031 | Volcano  | Killed a red ugly thing
 18153 | Volcano  | Found a bloodstained altar of Trog.
 18153 | Volcano  | Noticed a sun demon
 18244 | Volcano  | HP: 8/97 [red devil/+0 trident of flaming (19)]
 18250 | Volcano  | a sun demon changed into a smoke demon
 18255 | Volcano  | HP: 24/97 [smoke demon/divine providence (9)]
 18263 | Volcano  | Reached ** piety under Makhleb
 18263 | Volcano  | Reached skill level 6 in Fighting
 18522 | Volcano  | Killed a red ugly thing
 18522 | Volcano  | Reached skill level 6 in Spellcasting
 18522 | Volcano  | Reached skill level 1 in Invocations
 18536 | Volcano  | Killed a hell knight
 18741 | Lair:1   | Reached skill level 10 in Necromancy
 18743 | Lair:1   | Reached skill level 2 in Invocations
 19006 | Lair:1   | Reached skill level 7 in Dodging
 19048 | Lair:1   | Reached skill level 3 in Invocations
 19197 | Lair:1   | Noticed a six-headed hydra
 19225 | Lair:1   | Killed a six-headed hydra
 19504 | Lair:1   | Reached skill level 4 in Invocations
 19589 | Lair:1   | Reached skill level 10 in Stealth
 19589 | Lair:1   | Reached skill level 10 in Evocations
 20406 | Lair:2   | Reached XP level 12. HP: 104/105 MP: 21/21
 20468 | Lair:2   | Reached skill level 5 in Invocations
 20590 | Lair:2   | Reached skill level 8 in Dodging
 20799 | Lair:2   | Found a staircase to the Snake Pit.
 20833 | Lair:2   | Found a runed translucent gate.
 20833 | Lair:2   | Found a runed translucent gate.
 20833 | Lair:2   | Found a runed translucent gate.
 20834 | Lair:2   | Noticed Zateomull's ghost (journeyman MiFi)
 20960 | Lair:2   | Reached skill level 6 in Invocations
 20963 | Lair:2   | Reached *** piety under Makhleb
 21408 | Lair:2   | Reached skill level 11 in Stealth
 21415 | Lair:2   | Reached skill level 7 in Fighting
 21696 | Lair:2   | Found a staircase to the Swamp.
 22747 | Lair:3   | Got a twisted leather armour
 22772 | Lair:3   | Identified the +3 leather armour of the Gate {MR+} (You
                  | found it on level 3 of the Lair of Beasts)
 22833 | Lair:3   | Noticed a seven-headed hydra
 22858 | Lair:3   | Killed a seven-headed hydra
 22858 | Lair:3   | Reached skill level 7 in Invocations
 23394 | Lair:4   | Reached skill level 9 in Dodging
 24003 | Lair:5   | Reached skill level 1 in Summonings
 24375 | Lair:5   | Reached skill level 2 in Summonings
 24430 | Lair:5   | Found a staircase to the Slime Pits.
 24467 | Lair:5   | Reached skill level 8 in Invocations
 24529 | Lair:5   | Reached **** piety under Makhleb
 24583 | Lair:5   | Noticed Nessos
 24583 | Lair:5   | Noticed a four-headed hydra
 25123 | Lair:5   | Your ally died
 25129 | Lair:5   | Killed a four-headed hydra
 25129 | Lair:5   | Reached skill level 12 in Stealth
 25129 | Lair:5   | Reached XP level 13. HP: 104/117 MP: 20/22
 25162 | Lair:6   | Entered Level 6 of the Lair of Beasts
 25411 | Lair:6   | Reached skill level 8 in Fighting
 25765 | Lair:6   | Reached skill level 9 in Invocations
 25857 | Lair:6   | Reached skill level 11 in Necromancy
 26691 | Lair:6   | Reached skill level 11 in Evocations
 26982 | Lair:6   | Found a bloodstained altar of Trog.
 26995 | Lair:6   | Noticed Paps's ghost (journeyman TrFi)
 26998 | Lair:6   | Found a transporter.
 27001 | Lair:6   | Identified the +0 rapier of War {holy, +Blink SInv Stlth-}
 27011 | Lair:6   | Found a transporter.
 27080 | Lair:6   | Identified the cursed +1 spear of the Demagogue {chaos,
                  | rElec rPois Str+2 Int+2}
 28104 | D:11     | Reached skill level 10 in Invocations
 28135 | D:11     | Reached skill level 10 in Dodging
 28512 | D:11     | Reached skill level 13 in Stealth
 28522 | D:11     | Got a polished hand axe
 28817 | D:12     | Identified the +2 hand axe of Symmetry {venom, Fragile
                  | rPois Str+4} (You found it on level 11 of the Dungeon)
 28940 | D:12     | Reached skill level 9 in Fighting
 29031 | D:12     | Gained mutation: You resist negative energy. (rN+) [Deep
                  | Dwarf growth]
 29031 | D:12     | Reached XP level 14. HP: 117/129 MP: 21/23
 29228 | D:12     | Found a staircase to the Orcish Mines.
 29612 | D:12     | Reached ***** piety under Makhleb
 30097 | Orc:1    | Entered Level 1 of the Orcish Mines
 30149 | Orc:1    | Noticed a stone giant
 30471 | Orc:1    | Found Meddol's Distillery.
 30502 | Orc:1    | HP: 29/129 [stone giant (32)]
 30514 | Orc:1    | Killed a stone giant
 30528 | Orc:1    | Bought 2 potions of curing for 60 gold pieces
 30528 | Orc:1    | Bought 2 potions of ambrosia for 160 gold pieces
 30528 | Orc:1    | Bought a potion of resistance for 100 gold pieces
 30528 | Orc:1    | Bought a potion of curing for 30 gold pieces
 30528 | Orc:1    | Bought a potion of curing for 30 gold pieces
 30528 | Orc:1    | Bought a potion of haste for 100 gold pieces
 30567 | Orc:2    | Entered Level 2 of the Orcish Mines
 30939 | Orc:2    | Found Empozxuw's Food Shoppe.
 30966 | Orc:2    | Found a staircase to the Elven Halls.
 31668 | Orc:2    | Found Fawuot's Magic Scroll Emporium.
 31888 | Orc:2    | Found Pucyhy's Food Shoppe.
 31927 | Orc:2    | Noticed Donald
 31949 | Orc:2    | Killed Donald
 32181 | Orc:2    | HP: 14/128 [orc knight/+0 great sword (19)]
 32185 | Orc:2    | HP: 6/128 [soul eater/drain life[an orc sorcerer] (4)]
 32196 | Orc:2    | HP: 12/129 [soul eater/drain life[an orc sorcerer] (9)]
 32621 | Orc:2    | Reached skill level 11 in Invocations
 32621 | Orc:2    | Reached skill level 12 in Evocations
 32849 | Orc:2    | Paralysed by an orc sorcerer for 6 turns
 32856 | Orc:2    | Reached skill level 12 in Necromancy
 33300 | Orc:2    | Found Derycemn's Book Boutique.
 33300 | Orc:2    | Found Fuil's Antique Armour Shop.
 33300 | Orc:2    | Found a one-way gate leading to the halls of Pandemonium.
 33340 | Orc:2    | Bought a book of Unlife for 910 gold pieces
 33345 | Orc:2    | Bought a book of Geomancy for 490 gold pieces
 33351 | Orc:2    | Learned a level 5 spell: Borgnjor's Vile Clutch
 33358 | Orc:2    | Learned a level 6 spell: Death Channel
 33364 | Orc:2    | Learned a level 3 spell: Recall
 33598 | Orc:2    | Bought a scroll of blinking for 90 gold pieces
 33598 | Orc:2    | Bought a scroll of teleportation for 36 gold pieces
 33708 | D:9      | Bought a twisted quarterstaff for 261 gold pieces
 33708 | D:9      | Identified the +7 quarterstaff of the Depths {protect,
                  | Str+4} (You bought it in a shop on level 9 of the Dungeon)
 33742 | D:10     | Killed Snorg
 33742 | D:10     | Reached skill level 1 in Earth Magic
 33779 | D:10     | Killed Harold
 33779 | D:10     | Reached skill level 2 in Earth Magic
 33797 | D:10     | Reached skill level 3 in Earth Magic
 33997 | D:13     | Noticed a cyan very ugly thing
 34001 | D:13     | Found a runed translucent door.
 34081 | D:13     | Found an opulent altar of Gozag.
 34087 | D:13     | Reached skill level 4 in Earth Magic
 34512 | D:13     | Reached skill level 5 in Earth Magic
 34512 | D:13     | Reached skill level 12 in Invocations
 34547 | D:13     | HP: 32/129 [ogre mage/+0 club (6)]
 34569 | D:13     | HP: 32/129 [deep elf mage/bolt of lightning (22)]
 34573 | D:13     | Reached skill level 6 in Earth Magic
 34583 | D:13     | HP: 18/129 [yaktaur/bolt (17)]
 34807 | D:13     | Found a gate to the Vaults.
 35095 | D:13     | HP: 23/129 [very large slime creature (25)]
 35138 | D:13     | HP: 22/129 [hornet zombie (5)]
 35148 | D:13     | Reached skill level 7 in Earth Magic
 35173 | D:12     | Learned a level 3 spell: Stone Arrow
 35175 | D:12     | Learned a level 1 spell: Pain
 35250 | D:13     | HP: 26/129 [slime creature (9)]
 35252 | D:13     | Slain by a large slime creature

Skill      XL: |  1  2  3  4  5  6  7  8  9 10 11 12 13 14 |
---------------+-------------------------------------------+-----
Spellcasting   | 2 3 4 5 6 |  6.0
Stealth        | 3 4 5 6 8 10 12 13 | 13.7
Dodging        | 3 4 5 7 9 10 | 10.8
Necromancy     | 5 6 7 8 9 10 11 12 | 12.1
Evocations     | 1 2 3 5 6 8 10 11 12 | 12.2
Fighting       | 1 2 3 5 6 7 9 |  9.6
Armour         | 1 2 3 |  3.0
Conjurations   | 1 2 |  2.0
Short Blades   | 2 3 |  3.0
Translocations | 2 |  2.0
Shields        | 4 |  4.0
Invocations    | 4 8 10 12 | 12.3
Summonings     | 2 |  2.0
Earth Magic    | 7 |  7.0

Action                   |  1- 3 |  4- 6 |  7- 9 | 10-12 | 13-15 || total
-------------------------+-------+-------+-------+-------+-------++-------
Melee: Unarmed           |     4 |       |       |       |       ||     4
       Dagger            |     7 |    86 |   295 |    66 |       ||   454
       Flail             |       |       |       |    15 |       ||    15
       Staff             |       |       |       |     1 |     2 ||     3
Throw: Stone             |     2 |    13 |       |       |       ||    15
       Tomahawk          |       |     1 |    20 |     6 |       ||    27
       Javelin           |       |       |       |     9 |     3 ||    12
 Cast: Pain              |    73 |   126 |    74 |   284 |    30 ||   587
       Vampiric Draining |     2 |    52 |    81 |   280 |   333 ||   748
       Animate Skeleton  |       |    21 |    19 |    21 |    29 ||    90
       Magic Dart        |       |     4 |    45 |    52 |    17 ||   118
       Animate Dead      |       |     1 |     1 |    33 |    59 ||    94
       Call Imp          |       |       |   161 |   135 |   104 ||   400
       Blink             |       |       |     1 |     5 |     8 ||    14
       Borgnjor's Vile C |       |       |       |       |    31 ||    31
       Death Channel     |       |       |       |       |    12 ||    12
       Stone Arrow       |       |       |       |       |     1 ||     1
Invok: Reject Sacrifices |       |       |     1 |       |       ||     1
       Minor Destruction |       |       |       |   214 |   616 ||   830
       Lesser Servant of |       |       |       |     1 |    29 ||    30
       Major Destruction |       |       |       |       |     8 ||     8
       Greater Servant o |       |       |       |       |     2 ||     2
 Abil: Evoke Invisibilit |       |     2 |     7 |    10 |     8 ||    27
       Evoke Berserk Rag |       |       |     2 |       |       ||     2
       Heal Wounds       |       |       |     1 |     4 |     3 ||     8
Evoke: Wand              |       |       |     6 |     5 |    10 ||    21
       Fan of gales      |       |       |     1 |       |       ||     1
  Use: Scroll            |       |       |    24 |    11 |     9 ||    44
       Potion            |       |       |     4 |     2 |     8 ||    14
 Stab: Sleeping          |       |     1 |       |     1 |       ||     2
       Invisible         |       |     1 |       |       |       ||     1
       Distracted        |       |       |     3 |     1 |       ||     4
       Paralysed         |       |       |     1 |     3 |       ||     4
  Eat: Chunk             |     4 |    21 |    24 |    31 |    40 ||   120
       Ration            |       |     1 |     3 |     4 |     4 ||    12
Armor: Robe              |     6 |    20 |       |       |       ||    26
       Leather armour    |       |     3 |    89 |   172 |   190 ||   454
Dodge: Dodged            |    26 |   126 |   201 |   443 |   470 ||  1266
Block: Buckler           |       |       |     3 |   122 |   127 ||   252

Levels and vault maps discovered:
D:1:      dpeg_arrival_round_c, layout_basic
D:2:      layout_basic, nicolae_dithmenos_shadow_blocks,
          chequers_ecumenical_altar_simple_redux, uniq_crazy_yiuf_cottage,
          uniq_jessica
D:3:      layout_rooms, okawaru_altar_gauntlet_db, first_ration
D:4:      layout_rooms, nicolae_overflow_hidden_temple,
          nicolae_overflow_crystal_walls, zin_academy,
          gammafunk_temple_overflow_statue
D:5:      layout_loops_corners, basic_altar, nicolae_tso_swordbearing_angel
D:6:      layout_rooms, temple_green, gup_ossuary_entry_pyramid
D:7:      minmay_the_grid_octo_2x2 [minmay_the_grid_octo_checkered,
          minmay_the_grid_octo_tetromino_candy, minmay_the_grid_octo_teeth,
          minmay_the_grid_octo_prize_ultimate_mussel_roller],
          layout_loops_corners, lemuel_blue_sif_altar, uniq_prince_ribbit1,
          uniq_duvessa
D:8:      layout_basic, grunt_temple_overflow_champion_of_chaos,
          kennysheep_mini_moat, nemelex_xobeh_ov_fountains_minmay,
          hangedman_little_slice_of_home, nrook_mini_backslash,
          minmay_small_thing
D:9:      layout_roguey, serial_shops, shop
D:10:     layout_roguey, grunt_lair_entry_orc_guard_hut, uniq_snorg,
          uniq_harold, uniq_grum
D:11:     layout_basic
D:12:     layout_basic, hiddenorc2_lemuel, kennysheep_nondescript
D:13:     layout_basic, hangedman_vaults_entry_quadrant_bands, minmay_st_funbox,
          lemuel_tele_altar
Temple:   cyrus_temple_forest
Lair:1:   cheibrodos_lair_river_kwai, layout_cave_pods,
          lightli_volcano_entry_magma_tube, lemuel_fruit_tree,
          grunt_megastairs_4
Lair:2:   layout_cave_pods, swamp_mist_pool, guppyfry_snake_entry_island,
          ebering_ghost_rock_garden, grunt_megastairs_3
Lair:3:   layout_regular_city, serial_bayou_shore_b
Lair:4:   layout_regular_city, serial_bayou_shore_b
Lair:5:   cheibrodos_magma_flow, layout_long_grid,
          nicolae_slime_entry_slimehenge, beast_lair_carwin_4,
          grunt_megastairs_5, serial_bayou_shore_a, infiniplex_staircase_pool,
          uniq_nessos
Lair:6:   grunt_lair_end_beastmaster, layout_misc_corridors,
          gammafunk_ghost_wrathful_warriors
Orc:1:    layout_diamond_mine, serial_shops, shop
Orc:2:    pf_orc_diabolical, layout_caves, serial_shops, nicolae_shop_crystal,
          uniq_donald
Ossuary:  ossuary_zaba_flooded
Volcano:  volcano_grotto [vgs_many_chambers]

Table legend:
 A = Turns spent in this place as a percentage of turns spent in the entire game.
 B = Non-inter-level travel turns spent in this place as a percentage of non-inter-level travel turns spent in the entire game.
 C = Inter-level travel turns spent in this place as a percentage of turns spent in this place.
 D = Turns resting spent in this place as a percentage of non-inter-level travel turns spent in this place.
 E = Turns spent auto-exploring this place as a percentage of non-inter-level travel turns spent in this place.
 F = Non-inter-level travel turns spent in this place divided by the number of levels of this place that you've seen.
                   A       B       C       D       E      F
               +-------+-------+-------+-------+-------+----------------------
         Total | 100.0 | 100.0 |   5.1 |  34.6 |  35.5 | 1393.2
       Dungeon |  58.2 |  58.0 |   5.4 |  36.9 |  33.8 | 1492.1
        Temple |   0.3 |   0.2 |  25.5 |   0.0 |  75.6 |  82.0
          Lair |  26.1 |  26.2 |   4.9 |  28.5 |  45.1 | 1460.0
  Orcish Mines |  10.1 |   9.9 |   6.2 |  34.0 |  32.0 | 1663.0
       Ossuary |   2.6 |   2.7 |   0.0 |  40.7 |  14.5 | 908.0
       Volcano |   2.7 |   2.9 |   0.0 |  43.2 |  11.2 | 965.0
               +-------+-------+-------+-------+-------+----------------------

Table legend:
 A = Kills in this place as a percentage of kills in entire the game.
 B = Kills by you in this place as a percentage of kills by you in the entire game.
 C = Kills by friends in this place as a percentage of kills by friends in the entire game.
 D = Other kills in this place as a percentage of other kills in the entire game.
 E = Experience gained in this place as a percentage of experience gained in the entire game.
 F = Experience gained in this place divided by the number of levels of this place that you have seen.
                   A       B       C       D       E      F
               +-------+-------+-------+-------+-------+----------------------
         Total | 100.0 | 100.0 | 100.0 | 100.0 | 100.0 | 4252.6
       Dungeon |  54.0 |  58.7 |  36.9 |  20.0 |  35.1 | 2756.9
          Lair |  24.0 |  20.4 |  38.9 |   0.0 |  41.0 | 6974.7
  Orcish Mines |  15.0 |  14.8 |  13.4 |  80.0 |  19.4 | 9894.5
       Ossuary |   4.4 |   3.5 |   8.1 |   0.0 |   0.5 | 472.0
       Volcano |   2.6 |   2.6 |   2.7 |   0.0 |   4.0 | 4114.0
               +-------+-------+-------+-------+-------+----------------------
